Map: Disco Bloodbath LE

Players

SortOf

  • Race: Zerg Zerg
  • League: Master
  • Spawn Location: 3:00

Denver - Winner!

  • Race: Zerg Zerg
  • League: Master
  • Spawn Location: 9:00

Event: HomeStory Cup XX

VOD

Have the link to the VOD?

Description

Time

  • Played on: Nov. 21, 2019, 12:28 p.m.
  • Length: 10:17

All games in this series

Show
View Real Time Build Order
Export as new Build Order

SortOf Zerg 

Build Orders: Hatch First 

Get SALT Encoding   

  12  0:01  Drone  
  13  0:13  Overlord  
  13  0:17  Drone  
  14  0:31  Drone x2  
  16  0:37  Drone  
  17  0:51  Hatchery  
  17  0:55  Drone  
  17  0:59  Drone  
  18  1:09  Extractor  
  17  1:13  Spawning Pool  
  17  1:16  Drone  
  17  1:20  Drone  
  18  1:29  Drone  
  19  1:39  Drone  
  20  1:50  Drone  
  21  2:02  Queen, Overlord  
  21  2:03  Queen  
  21  2:05  Drone  
  26  2:09  Metabolic Boost  
  26  2:11  Drone  
  27  2:16  Drone  
  28  2:25  Drone x2  
  30  2:36  Hatchery  
  29  2:39  Baneling Nest  
  29  2:41  Drone  
  29  2:42  Drone  
  30  2:46  Zergling x2  
  30  2:48  Zergling x2  
  32  2:54  Overlord  
  32  2:58  Drone  
  33  3:05  Drone  
  34  3:07  Queen  
  36  3:13  Drone x4  
  36  3:16  Overlord  
  40  3:22  Zergling x2  
  40  3:24  Drone  
  40  3:25  Drone  
  43  3:29  Evolution Chamber  
  43  3:32  Drone  
  43  3:34  Drone  
  43  3:35  Extractor  
  43  3:40  Drone, Lair  
  44  3:45  Drone x3  
  46  3:51  Drone  
  46  3:53  Drone x2  
  49  3:56  Zerg Melee Weapons Level 1  
  49  4:02  Roach Warren  
  49  4:03  Drone  
  49  4:04  Drone  
  49  4:05  Zergling x2  
  49  4:08  Drone  
  52  4:13  Extractor  
  52  4:15  Extractor, Drone x2  
  52  4:16  Drone x3  
  55  4:19  Overlord  
  55  4:20  Baneling  
  55  4:22  Zergling x2  
  56  4:25  Drone x2  
  58  4:38  Drone, Overlord  
  58  4:41  Spire  
  58  4:42  Drone x4  
  58  4:45  Drone x2  
  64  4:50  Drone  
  65  4:54  Zergling x2  
  65  4:55  Overlord  
  65  4:56  Zergling x2  
  65  4:57  Zergling x6  
  70  5:00  Zergling x2, Baneling x2  
  70  5:03  Zergling x4  
  73  5:11  Zergling x2  
  72  5:16  Extractor, Zergling x4  
  72  5:17  Zergling x4  
  72  5:19  Extractor, Baneling x2  
  72  5:20  Drone x4  
  78  5:26  Drone x3  
  78  5:27  Drone  
  82  5:28  Overlord  
  82  5:29  Overlord  
  82  5:31  Overlord  
  78  5:39  Zergling x8  
  79  5:47  Zergling x6  
  82  5:55  Mutalisk x5  
  92  6:00  Overlord  
  92  6:04  Zerg Flyer Armor Level 1  
  92  6:10  Mutalisk x3  
  91  6:12  Zergling x10  
  93  6:19  Mutalisk  
  93  6:22  Mutalisk  
  93  6:24  Zergling x8  
  100  6:30  Zergling x2  
  100  6:40  Drone x5  
  100  6:45  Hatchery  
  104  6:52  Mutalisk x2  
  100  7:02  Mutalisk  
  100  7:03  Mutalisk  
  104  7:09  Mutalisk  
  104  7:11  Zergling x2, Overlord  
  104  7:12  Overlord x2  
  106  7:20  Mutalisk x2  
  106  7:22  Overlord  
  105  7:24  Overlord  
  105  7:27  Overlord  
  105  7:31  Mutalisk x4  
  105  7:32  Spore Crawler  
  105  7:34  Zergling x4  
  105  7:35  Zergling x6  
  117  7:39  Zergling x10  
  117  7:41  Overlord  
  122  7:44  Extractor  
  122  7:45  Mutalisk x2  
  122  7:49  Drone  
  122  7:50  Extractor  
  125  7:52  Drone  
  125  7:55  Drone x2  
  128  7:58  Mutalisk  
  128  8:03  Mutalisk x2  
  134  8:06  Overlord x2  
  134  8:10  Mutalisk  
  136  8:13  Zerg Flyer Weapons Level 1  
  136  8:16  Overlord  
  136  8:19  Baneling  
  136  8:20  Overlord  
  136  8:22  Overlord  
  136  8:25  Mutalisk x2  
  140  8:29  Zergling x12  
  146  8:36  Mutalisk, Drone x2  
  146  8:37  Mutalisk  
  145  8:54  Mutalisk x4  
  135  8:57  Zergling x16  
  135  8:58  Zergling x2  
  135  9:02  Mutalisk x2  
  144  9:10  Drone x3  
  144  9:14  Zergling x12  
  136  9:23  Mutalisk x3  
  118  9:27  Drone x3  
  114  9:33  Drone x3  
  114  9:36  Drone x2  
  98  9:39  Drone  
  98  9:43  Drone  
  91  9:48  Mutalisk  
Show
View Real Time Build Order
Export as new Build Order

Denver Zerg - Winner!

Build Orders: Hatch First 

Get SALT Encoding   

  12  0:00  Drone  
  13  0:14  Overlord  
  13  0:16  Drone  
  14  0:32  Drone  
  14  0:33  Drone  
  16  0:48  Hatchery  
  15  0:51  Drone  
  15  0:55  Drone  
  17  0:58  Drone  
  18  1:10  Extractor  
  17  1:14  Spawning Pool  
  17  1:17  Drone  
  17  1:20  Drone  
  18  1:30  Drone  
  19  1:40  Drone  
  20  1:51  Drone  
  21  2:00  Overlord  
  21  2:01  Queen x2  
  21  2:02  Zergling x2  
  26  2:10  Metabolic Boost  
  26  2:11  Drone  
  26  2:14  Drone  
  28  2:21  Drone  
  29  2:25  Drone  
  30  2:33  Hatchery  
  30  2:35  Drone  
  30  2:39  Drone  
  31  2:44  Overlord  
  31  2:50  Queen  
  33  2:53  Drone  
  33  2:57  Baneling Nest  
  33  3:00  Drone  
  33  3:03  Drone  
  33  3:04  Drone  
  36  3:09  Drone x2  
  36  3:12  Drone  
  39  3:13  Zergling x2  
  39  3:16  Drone  
  41  3:20  Overlord  
  41  3:23  Zergling x2  
  42  3:27  Zergling x2  
  42  3:28  Evolution Chamber  
  42  3:33  Drone  
  42  3:34  Drone  
  44  3:38  Drone  
  44  3:39  Lair  
  44  3:42  Drone x2  
  44  3:46  Drone x2  
  48  3:50  Extractor  
  48  3:51  Overlord  
  48  3:55  Drone x3  
  50  4:00  Extractor  
  50  4:01  Overlord  
  49  4:04  Zerg Melee Weapons Level 1  
  49  4:09  Zergling x6  
  52  4:10  Drone  
  52  4:16  Drone x3  
  52  4:17  Drone  
  56  4:22  Extractor  
  55  4:24  Drone  
  55  4:25  Drone x2  
  55  4:26  Drone x2  
  55  4:30  Baneling  
  55  4:31  Zergling x2, Baneling  
  60  4:32  Zergling x4  
  60  4:34  Zergling x2  
  64  4:43  Spire  
  64  4:45  Drone x3  
  66  4:48  Zergling x4  
  66  4:51  Drone  
  69  4:53  Overlord  
  69  4:58  Extractor  
  69  4:59  Extractor  
  67  5:02  Drone x2  
  67  5:03  Drone  
  69  5:11  Drone x8  
  76  5:18  Zergling x4  
  77  5:24  Drone x5, Overlord  
  77  5:27  Overseer, Overlord  
  82  5:34  Overlord  
  80  5:37  Zergling x4  
  80  5:38  Overlord  
  80  5:40  Overlord  
  80  5:47  Zergling x2  
  80  5:49  Overlord  
  81  5:51  Overlord  
  81  5:53  Hatchery  
  81  5:54  Baneling  
  80  5:57  Mutalisk x2  
  80  6:00  Mutalisk  
  80  6:03  Mutalisk  
  80  6:04  Mutalisk  
  86  6:08  Mutalisk x3  
  86  6:11  Mutalisk x2  
  91  6:15  Zerg Flyer Armor Level 1  
  91  6:17  Zergling x6  
  97  6:19  Mutalisk  
  97  6:21  Zergling x2  
  97  6:22  Zergling x2  
  101  6:28  Drone  
  101  6:29  Drone x2  
  98  6:35  Hatchery  
  98  6:36  Mutalisk  
  98  6:39  Drone x3  
  102  6:41  Zergling x4  
  104  6:51  Mutalisk x3  
  104  6:52  Mutalisk  
  112  6:56  Overlord  
  107  7:01  Mutalisk x2  
  107  7:03  Zergling x2  
  107  7:04  Zergling x6  
  107  7:06  Overlord  
  112  7:12  Overlord  
  112  7:13  Zergling x6  
  106  7:23  Zergling x2  
  106  7:24  Zergling x10  
  112  7:30  Mutalisk  
  112  7:31  Mutalisk  
  112  7:34  Mutalisk  
  118  7:38  Mutalisk, Spore Crawler  
  118  7:42  Mutalisk  
  121  7:46  Mutalisk  
  121  7:48  Drone x4  
  127  7:56  Mutalisk  
  127  7:57  Mutalisk  
  131  7:59  Extractor  
  131  8:00  Overlord  
  131  8:04  Drone x2  
  131  8:05  Extractor, Drone  
  132  8:07  Queen  
  132  8:10  Mutalisk  
  132  8:11  Mutalisk  
  136  8:18  Zergling x12  
  142  8:22  Mutalisk x2  
  146  8:27  Overlord x2  
  146  8:29  Baneling  
  146  8:33  Overlord  
  146  8:40  Overlord  
  145  8:48  Zergling x20  
  143  8:51  Mutalisk  
  143  8:53  Mutalisk  
  143  8:56  Mutalisk  
  143  9:00  Mutalisk  
  147  9:04  Mutalisk x2  
  151  9:16  Mutalisk x4  
  146  9:22  Mutalisk  
  129  9:26  Mutalisk  
  125  9:35  Zergling x2  
  125  9:36  Zergling x16  
  125  9:38  Mutalisk x2  
  128  9:42  Mutalisk  
  126  9:47  Zergling x10  
  126  9:50  Mutalisk  
  133  9:53  Mutalisk  
Tags
 
Add a new tag
Caveats
  • Supply blocks, unpowered buildings, or Contaminate may cause inaccurate times.
  • Supply counts are checked every 10 seconds.